 Dungeon Crawl Stone Soup version 0.27.0-1-g7a089689b8 (webtiles) character file.

Game seed: 12124295066249729450

693972 inmateoo the Timeless (level 27, -3/282 HPs)
             Began as a Demonspawn Earth Elementalist on Aug 7, 2021.
             Was a High Priest of Cheibriados.
             Killed from afar by an ancient lich (73 damage)
             ... with a crystal spear
             ... on level 5 of the Realm of Zot.
             The game lasted 01:20:59 (60587 turns).

inmateoo the Timeless (DsEE)                       Turns: 60587, Time: 01:21:00

Health: -3/282     AC: 20    Str: 25    XL:     27
Magic:  41/45      EV: 45    Int: 45    God:    Cheibriados [*****.]
Gold:   5819       SH:  0    Dex: 27    Spells: 22/62 levels left

rFire    . . .     SeeInvis .     - Unarmed
rCold    . . .     Faith    .   (shield currently unavailable)
rNeg     . . .     Spirit   .   (armour currently unavailable)
rPois    ∞         Reflect  .   (helmet unavailable)
rElec    +         Harm     .   (cloak currently unavailable)
rCorr    .         Rampage  .   (gloves currently unavailable)
Will     +++..                  (boots currently unavailable)
Stlth    +++.......             b - amulet of regeneration
HPRegen  1.57/turn              L - +6 ring of intelligence
MPRegen  0.29/turn              m - ring of willpower

@: agile, about to teleport, storm-form, flying, studying Ice Magic, very slow
A: cleaving, flying, (horns 3), (large bone plates 3), foul stench 3, powered by
pain 3, robust 3, (shaggy fur 1)
}: 3/15 runes: decaying, silver, gossamer
a: Blinkbolt, End Transformation, Renounce Religion, Bend Time, Temporal
Distortion, Slouch, Step From Time


You were on level 5 of the Realm of Zot.
You worshipped Cheibriados.
Cheibriados was extremely pleased with you.
You were a lightning-filled tempest!
You visited 11 branches of the dungeon, and saw 51 of its levels.
You visited the Abyss 1 time.
You visited 1 bazaar.
You also visited: Ice Cave.

You collected 9949 gold pieces.
You spent 4130 gold pieces at shops.

Inventory:

Hand Weapons
 w - the +10 trident of Disarray {flame, rPois Int+3}
   (You found it on level 7 of the Dungeon)

   It burns those it strikes, dealing additional fire damage.
   Int:       It affects your intelligence (+3).
   rPois:     It protects you from poison.
Missiles
 i - 6 throwing nets (quivered)
Armour
 r - a scarf of resistance
 u - the +4 skin of Zhor (melded) {*Englaciate rC+++ SInv}
   (You found it in an ice cave)

   It radiates cold, occasionally slowing all nearby creatures who are not
   resistant to cold.
   rC:        It renders you almost immune to cold.
   SInv:      It lets you see invisible.
 A - the +2 cloak of the Slightly Bent (melded) {Fly rF+ rCorr Str+2}
   (You found it on level 2 of the Elven Halls)

   Str:       It affects your strength (+2).
   rF:        It protects you from fire.
   Fly:       It grants you flight.
   rCorr:     It protects you from acid and corrosion.
 S - the +0 pair of boots of Zadaddyk (melded) {Fly rPois Str-4}
   (You found it in an ice cave)

   Str:       It affects your strength (-4).
   rPois:     It protects you from poison.
   Fly:       It grants you flight.
 T - the +4 pair of gloves of the Silversmith (melded) {Str+4}
   (You found it on level 1 of the Vaults)

   Str:       It affects your strength (+4).
 U - a +2 kite shield of reflection (melded)
Jewellery
 b - an amulet of regeneration (around neck)
 m - a ring of willpower (right hand)
 q - the amulet of the Four Winds {rN+ Will+++ Clar}
   (You found it on level 5 of the Vaults)

   [amulet of nothing]

   rN:        It protects you from negative energy.
   Clar:      It protects you against confusion.
   Will:      It greatly increases your willpower.
 z - a ring of resist corrosion
 G - a ring of protection from cold
 I - a ring of protection from fire
 L - a +6 ring of intelligence (left hand)
 P - a ring of wizardry
 W - a ring of see invisible
Wands
 j - a wand of flame (76)
 o - a wand of acid (47)
 p - a wand of mindburst (105)
 y - a wand of digging (18)
 E - a wand of charming (19)
 H - a wand of iceblast (47)
 R - a wand of polymorph (36)
 V - a wand of paralysis (24)
Scrolls
 s - 14 scrolls of enchant armour
 t - 4 scrolls of silence
 x - 6 scrolls of fog
 C - 10 scrolls of amnesia
 D - 49 scrolls of identify
 F - 23 scrolls of teleportation
 J - 3 scrolls of magic mapping
 K - 6 scrolls of blinking
 M - 12 scrolls of fear
Potions
 a - 16 potions of brilliance
 c - 8 potions of ambrosia
 d - 32 potions of curing
 e - 15 potions of heal wounds
 f - 12 potions of might
 g - 19 potions of mutation
 h - 11 potions of lignification
 k - 14 potions of cancellation
 l - 6 potions of flight
 n - 6 potions of magic
 v - 9 potions of resistance
 Q - 5 potions of invisibility
Miscellaneous
 B - a box of beasts
 N - a condenser vane (inert)


   Skills:
 + Level 18.1 Fighting
 - Level 4.0 Polearms
 - Level 6.0 Armour
 + Level 17.5 Dodging
 - Level 2.0 Stealth
 + Level 11.5 Shields
 - Level 18.0 Unarmed Combat
 - Level 18.0 Spellcasting
 - Level 10.0 Translocations
 - Level 14.0 Transmutations
 + Level 14.7 Air Magic
 + Level 17.5 Earth Magic
 - Level 20.0 Invocations
 - Level 10.0 Evocations


You had 22 spell levels left.
You knew the following spells:

 Your Spells              Type           Power      Damage    Failure   Level
a - Statue Form           Tmut/Erth      73%        N/A       1%          6
b - Wereblood             Tmut           100%       N/A       0%          2
c - Manifold Assault      Tloc           92%        N/A       1%          5
d - Stone Arrow           Conj/Erth      100%       3d13      1%          3
e - Blink                 Tloc           N/A        N/A       0%          2
f - Storm Form            Tmut/Air       53%        N/A       1%          7
g - Passwall              Tmut/Erth      91%        N/A       0%          2
h - Summon Lightning Spi  Summ/Air       82%        N/A       1%          4
i - Apportation           Tloc           100%       N/A       0%          1
j - Maxwell's Capacitive  Air            53%        ∞         9%          8

Your spell library contained the following spells:

 Spells                   Type           Power      Damage    Failure   Level
 Beastly Appendage        Tmut           100%       N/A       0%          1
 Sandblast                Erth           100%       2d20      0%          1
 Swiftness                Air            100%       N/A       0%          3
 Airstrike                Air            53%        N/A       0%          4
 Petrify                  Tmut/Erth      100%       N/A       0%          4
 Lee's Rapid Deconstruct  Erth           57%        3d28*     0%          5
 Animate Skeleton         Necr           80%        N/A       1%          1
 Corona                   Hex            44%        N/A       1%          1
 Freeze                   Ice            100%       1d11      1%          1
 Magic Dart               Conj           100%       1d8       1%          1
 Pain                     Necr           100%       1d9       1%          1
 Summon Small Mammal      Summ           100%       N/A       1%          1
 Call Imp                 Summ           40%        N/A       1%          2
 Searing Ray              Conj           80%        3d6       1%          2
 Slow                     Hex            40%        N/A       1%          2
 Static Discharge         Conj/Air       82%        N/A       1%          2
 Sublimation of Blood     Necr           20%        N/A       1%          2
 Call Canine Familiar     Summ           40%        N/A       1%          3
 Confusing Touch          Hex            40%        N/A       1%          3
 Conjure Flame            Conj/Fire      40%        6-21      1%          3
 Dazzling Flash           Conj/Hex       80%        N/A       1%          3
 Frozen Ramparts          Ice            80%        1d10      1%          3
 Gell's Gravitas          Tloc           46%        N/A       1%          3
 Ignite Poison            Fire/Tmut/Pois 70%        N/A       1%          3
 Inner Flame              Hex/Fire       40%        N/A       1%          3
 Lesser Beckoning         Tloc           46%        N/A       1%          3
 Mephitic Cloud           Conj/Pois/Air  71%        N/A       1%          3
 Ozocubu's Armour         Ice            40%        N/A       1%          3
 Portal Projectile        Hex/Tloc       100%       N/A       1%          3
 Spider Form              Tmut/Pois      40%        N/A       1%          3
 Summon Guardian Golem    Hex/Summ       40%        N/A       1%          3
 Teleport Other           Tloc           92%        N/A       1%          3
 Tukima's Dance           Hex            40%        N/A       1%          3
 Vampiric Draining        Necr           20%        2d8       1%          3
 Animate Armour           Summ/Erth      100%       N/A       1%          4
 Iskenderun's Mystic Bla  Conj/Tloc      71%        2d14      1%          4
 Leda's Liquefaction      Hex/Erth       43%        N/A       1%          4
 Passage of Golubria      Tloc           N/A        N/A       1%          4
 Alistair's Intoxication  Tmut/Pois      53%        N/A       1%          5
 Blade Hands              Tmut           52%        N/A       1%          5
 Bolt of Magma            Conj/Fire/Erth 37%        4d16      1%          5
 Borgnjor's Vile Clutch   Necr/Erth      43%        N/A       1%          5
 Freezing Cloud           Conj/Ice/Air   35%        6-21      1%          5
 Irradiate                Conj/Tmut      40%        3d26      1%          5
 Lightning Bolt           Conj/Air       41%        1d60      1%          5
 Yara's Violent Unravell  Hex/Tmut       40%        3d16      1%          5
 Dispersal                Tloc           46%        N/A       1%          6
 Dragon Form              Tmut           52%        N/A       1%          7
 Conjure Ball Lightning   Conj/Air       41%        3x3d13    4%          6
 Eringya's Noxious Bog    Tmut/Pois      40%        N/A       4%          6
 Animate Dead             Necr           20%        N/A       5%          4
 Cause Fear               Hex            20%        N/A       5%          4
 Fulminant Prism          Conj/Hex       20%        3d13      5%          4
 Hailstorm                Conj/Ice       40%        3d10      5%          4
 Sticky Flame             Conj/Fire      40%        2d6       5%          4
 Agony                    Necr           40%        N/A       16%         5
 Excruciating Wounds      Necr           20%        N/A       16%         5
 Metabolic Englaciation   Hex/Ice        20%        N/A       16%         5
 Shatter                  Erth           57%        3d43*     38%         9
 Malign Gateway           Summ/Tloc      35%        N/A       52%         7
 Disjunction              Tloc           46%        N/A       52%         8
 Death Channel            Necr           20%        N/A       63%         6
 Invisibility             Hex            20%        N/A       63%         6
 Simulacrum               Ice/Necr       20%        N/A       63%         6
 Starburst                Conj/Fire      20%        8x6d7     63%         6
 Lehudib's Crystal Spear  Conj/Erth      43%        10d11     69%         8
 Haunt                    Necr/Summ      20%        N/A       99%         7
 Ozocubu's Refrigeration  Ice            20%        4d9       99%         7
 Summon Hydra             Summ           20%        N/A       99%         7
 Discord                  Hex            20%        N/A       100%        8
 Chain Lightning          Conj/Air       41%        3d54      100%        9
 Dragon's Call            Summ           20%        N/A       100%        9
 Fire Storm               Conj/Fire      20%        8d5       100%        9
 Polar Vortex             Ice            20%        N/A       100%        9


Dungeon Overview and Level Annotations

Branches:
Dungeon (15/15)            Temple (1/1) D:6            Lair (6/6) D:11
  Swamp (4/4) Lair:4       Spider (4/4) Lair:4        Slime (0/5) Lair:5
    Orc (2/2) D:10            Elf (3/3) Orc:2        Vaults (5/5) D:14
  Crypt (0/3) Vaults:2     Depths (5/5) D:15           Hell (visited)
    Zot (5/5) Depths:5      IceCv (visited)
    Dis: Hell:1         Geh: Hell:1         Coc: Hell:1         Tar: Hell:1

Altars:
Ashenzari
Cheibriados
Dithmenos
Elyvilon
Fedhas
Gozag
Hepliaklqana
Kikubaaqudgha
Makhleb
Nemelex Xobeh
Okawaru
Qazlal
Ru
Sif Muna
Trog
Uskayaw
Vehumet
Wu Jian
Xom
Yredelemnul
Zin
The Shining One
Beogh
Lugonu

Shops:
D:3 *[   D:8 :[!   D:10 *   D:14 (   Orc:1 [   Orc:2 *[(*   Elf:1 =*!   Elf:2 [
Vaults:2 [!   Depths:3 *

Portals:
Hell: Depths:1 Depths:2 Depths:3 Depths:4 Depths:5
Abyss: Lair:6 Zot:2 Depths:2 Depths:4
Pandemonium: Depths:2 Depths:3
Ziggurat: Depths:3

Annotations:
Elf:1 1 runed translucent door
Elf:2 3 runed translucent doors
Zot:5 exclusion: obsidian statue


Innate Abilities, Weirdness & Mutations

You are a lightning-filled tempest!
Your stormy fists strike out in all directions at once.
You are incredibly evasive.
You are flying.
You are immune to poison.
Your armour is entirely melded.
You are incapable of wielding weapons or throwing items.
((You have a pair of large horns on your head.))
((You are completely covered in large bone plates. (SH +8)))
You frequently emit foul miasma when damaged in melee.
You are powered by pain.
You are extremely robust. (+30% HP)
((You are covered in fur. (AC +1)))


Message History

The electric golem barely misses you.
The electric golem completely misses you.
The electric golem hits you.
You emit a cloud of foul miasma!
The electric golem completely misses you.
The ancient lich casts a spell.
The ancient lich flickers and vanishes!
The curse toe calls on the powers of darkness!
Your body is wracked with pain!
* * * LOW HITPOINT WARNING * * *
You blast something!!!
Cheibriados appreciates the change of pace.
Reactivating autopickup.
You feel a bit more experienced.
You batter the electric golem!!
The electric golem completely misses you. x2
The electric golem hits you!
* * * LOW HITPOINT WARNING * * *
The electric golem completely misses you.
The sun demon is engulfed in freezing vapours.
The electric golem hurls lightning at you.
The bolt of lightning misses you.
Blink to where?
Press: ? - help, Dir - move target Really blink into that permanent teleport trap?
You enter a permanent teleport trap!
Your surroundings suddenly seem different.
As you read the scroll of blinking, it crumbles to dust.
Found 18 stones.
As you read the scroll of fog, it crumbles to dust.
The scroll dissolves into smoke.
As you read the scroll of teleportation, it crumbles to dust.
You feel strangely unstable.
You feel the Orb delaying your translocation!
You warp the flow of time around you!
You blast the curse toe!!!!
The curse toe is severely damaged.
You hear a roar!
You hear some strange, mumbled words.
A crystal spear appears from out of thin air!
Deactivating autopickup; reactivate with Ctrl-A.
The crystal spear hits you!!!!
You die...

#..# #..# #..####.
#..####..# #..# ##
#........# #..# #.
#........####..# #.
#..####........# #.
#..# #...^....# #.
#..# #..####..# #.
▓▓################▓▓
*#vz§...........##
*#§§§§§...........##
*#§{§§§..z..........#
#........{.....8.....
#...............§^...
#.........?..........
#....................
#............^.......
*,,,,,,.!......^.^...


You could see a curse toe.

Vanquished Creatures
  4 dread liches
  An orb of fire (Zot:5)
  4 ancient liches
  Mara (Spider:4)
  Mennas (Vaults:4)
  A shard shrike (IceCv)
  A Killer Klown (Zot:5)
  Frederick (Vaults:5)
  The ghost of Hiliwumm the Slayer, a veteran MiGl of Okawaru (Elf:2)
  Xtahua (Vaults:4)
  4 curse toes
  Saint Roka (Vaults:1)
  Geryon (Hell)
  10 golden dragons
  A bone dragon (Depths:5)
  Arachne (Spider:3)
  3 electric golems (Zot:4)
  22 tentacled monstrosities
  4 quicksilver dragons
  14 Orb Guardians (Zot:5)
  6 titans
  6 liches
  A deep elf master archer (Elf:3)
  2 deep elf blademasters (Elf:3)
  Asterion (Spider:2)
  Murray (Hell)
  The ghost of Beorghan the Bludgeoner, an adept MiBe of Trog (Spider:2)
  8 sphinxes
  The ghost of Suckerboh the Sorcerer, an adept DECj of Vehumet (Vaults:1)
  10 death cobs
  11 shadow dragons
  Gastronok (Lair:3)
  2 thorn hunters (Depths:3)
  10 tengu reavers
  Agnes (Lair:4)
  A storm dragon (shapeshifter) (Depths:3)
  9 fire giants
  A revenant (Vaults:2)
  6 draconian monks
  19 storm dragons
  An iron dragon (Depths:2)
  6 frost giants
  6 draconian knights
  10 deep elf sorcerers
  4 draconian scorchers
  7 ghost moths
  An orc warlord (Orc:2)
  19 vault wardens
  10 draconian shifters
  A deep elf elementalist (Elf:3)
  5 spectral caustic shrikes (Depths:1)
  6 emperor scorpions (Spider:4)
  2 cacodemons (Elf:2)
  9 draconian stormcallers
  3 reapers (Hell)
  3 spriggan defenders
  2 war gargoyles
  30 ironbound preservers
  30 stone giants
  35 very ugly things
  5 draconian annihilators
  The ghost of Shym the Fighter, a journeyman MiBe of Trog (Lair:5)
  3 ghouls (Swamp:2)
  Nessos (Lair:5)
  23 green draconians
  13 yellow draconians
  21 black draconians
  An entropy weaver (shapeshifter) (Vaults:2)
  19 deep elf annihilators
  6 vampire knights
  7 deep elf demonologists
  22 white draconians
  5 dire elephants
  2 bunyips
  14 spark wasps
  21 red draconians
  3 entropy weavers
  7 deep elf death magi
  2 blizzard demons (Hell)
  The ghost of MoonlitKnight the Spry, a journeyman MfGl of Ashenzari (Lair:2)
  A green death (Hell)
  19 purple draconians
  15 fire dragons
  Snorg (Lair:4)
  16 ettins
  An eidolon (Vaults:2)
  5 eleionomae
  3 crystal guardians (Vaults:4)
  A shambling mangrove (Swamp:4)
  13 yaktaur captains
  A merfolk impaler (Depths:3)
  14 great orbs of eyes
  35 vault guards
  13 ice dragons
  The ghost of Naggiasi the Slicer, a journeyman KoBr of Trog (D:12)
  10 deep elf high priests (Elf:3)
  2 rakshasas
  6 boulder beetles
  6 ironbound thunderhulks
  2 ogre magi
  The ghost of Yklotitu the Markscentaur, a journeyman CeHu of Okawaru (D:12)
  2 ghost crabs
  5 spriggan air magi
  23 hydras
  3 peacekeepers
  8 alligators
  3 catoblepae
  13 ironbound frosthearts
  5 centaur warriors
  A two-headed ogre (shapeshifter) (Vaults:3)
  An anaconda (shapeshifter) (Depths:2)
  12 dancing weapons
  A fenstrider witch skeleton (Swamp:2)
  11 two-headed ogres
  9 deep troll earth magi
  6 death yaks
  6 deep troll shamans
  11 tengu warriors
  8 spriggan berserkers
  The ghost of askman the End of an Era, a novice DsFi of Qazlal (D:9)
  A shock serpent (shapeshifter) (Elf:2)
  2 sun demons (Hell)
  6 ironbound beastmasters
  4 thrashing horrors (Lair:6)
  Urug (D:10)
  6 orc high priests
  3 deep elf knights
  8 hell knights
  A vampire mage (Depths:1)
  Nergalle (Lair:2)
  4 iron trolls
  2 shock serpents (Zot:4)
  2 soul eaters (Hell)
  A bunyip zombie (Swamp:3)
  5 skeletal warriors (D:14)
  3 sixfirhies (Zot:4)
  4 spriggan druids
  3 goliath frogs
  A swamp dragon (shapeshifter) (Elf:2)
  A spectral hydra (Lair:5)
  4 glowing orange brains
  13 deep elf archers
  11 swamp dragons
  75 deep trolls
  23 deep elf pyromancers
  19 wizards
  A tengu zombie (Vaults:2)
  6 bog bodies
  A flayed ghost (Depths:1)
  18 ironbound convokers
  6 harpies
  3 harpies (shapeshifter)
  9 lindwurms
  2 orc knights
  An orange crystal statue (IceCv)
  7 phantasmal warriors
  10 necromancers
  22 orb spiders
  29 wolf spiders
  106 ugly things
  2 fire giant zombies
  A mana viper (shapeshifter) (Depths:4)
  A sphinx skeleton (Depths:4)
  A wolf spider zombie (D:15)
  25 deep elf zephyrmancers
  3 oklob plants
  3 will-o-the-wisps
  28 moths of wrath
  2 cyclopes
  4 manticores
  A faun (shapeshifter) (Vaults:5)
  4 orc sorcerers
  The ghost of raph the Reanimator, a novice HuNe of Vehumet (D:6)
  20 elephants
  A tengu skeleton (Depths:4)
  A frost giant skeleton (Vaults:4)
  A black mamba (shapeshifter) (Elf:2)
  3 black mambas
  An elephant (shapeshifter) (Depths:2)
  5 rust devils (Hell)
  A guardian serpent (shapeshifter) (Elf:2)
  2 molten gargoyles (Hell)
  A guardian serpent (D:13)
  27 vault sentinels
  3 gargoyles
  17 cane toads
  3 torpor snails
  9 large abominations
  A cane toad (shapeshifter) (Elf:2)
  9 komodo dragons
  37 yaktaurs
  A rime drake (shapeshifter) (D:14)
  2 freezing wraiths
  An unseen horror (shapeshifter) (Lair:6)
  A spriggan zombie (Swamp:2)
  2 unseen horrors (D:10)
  An ancient zyme (Lair:6)
  A bunyip simulacrum (Swamp:3)
  A catoblepas skeleton (Hell)
  10 demonic crawlers
  16 rime drakes
  An entropy weaver simulacrum (Swamp:2)
  An anaconda simulacrum (Swamp:2)
  An ice devil (Hell)
  A queen bee (Spider:4)
  5 tengu conjurers
  25 jumping spiders
  2 bloated husks
  6 meliai
  8 trolls
  A hornet (shapeshifter) (Elf:2)
  A harpy skeleton (D:15)
  29 polar bears
  16 tyrant leeches
  An alligator zombie (Swamp:3)
  21 hornets
  A shadow dragon simulacrum (Depths:4)
  A human skeleton (Vaults:2)
  24 slime creatures
  6 raiju
  A death drake skeleton (Swamp:2)
  A hydra skeleton (Hell)
  8 dream sheep
  28 blink frogs
  An ettin zombie (Hell)
  2 air elementals
  A human simulacrum (Vaults:2)
  A centaur simulacrum (D:15)
  8 water elementals
  33 yaks
  A deep troll skeleton (Vaults:4)
  21 spriggans
  A shadow (D:11)
  2 humans (D:10)
  32 tarantellas
  A wraith (Vaults:2)
  A dire elephant simulacrum (Swamp:2)
  A hog (D:11)
  2 spriggans (shapeshifter)
  75 redbacks
  2 ynoxinuls (Lair:6)
  3 fire elementals
  A vampire (D:11)
  8 basilisks
  5 wyverns
  2 golden eyes (shapeshifter)
  A chaos spawn (Lair:6)
  A steam dragon (D:10)
  2 minotaur simulacra (Swamp:2)
  3 human zombies
  4 vampire mosquitoes
  A harpy simulacrum (Swamp:2)
  8 wargs
  An elf skeleton (Depths:4)
  A swamp worm (shapeshifter) (Vaults:5)
  24 swamp worms
  2 acid dragons
  10 hell hounds (Hell)
  18 water moccasins
  2 floating eyes
  Duvessa (D:5)
  A swamp drake (shapeshifter) (Elf:2)
  An ice beast (shapeshifter) (Lair:6)
  12 swamp drakes
  An ice beast (D:7)
  A sky beast (D:5)
  19 orc warriors
  4 boggarts
  A spectral torpor snail (Lair:5)
  8 black bears
  17 centaurs
  20 wolves
  A tengu (shapeshifter) (Elf:2)
  8 ogres
  3 kobold brigands
  8 small abominations (Lair:6)
  Blork the orc (D:5)
  5 bullfrogs
  2 gnoll sergeants
  A wyvern zombie (D:8)
  4 earth elementals
  3 scorpions
  2 deep troll simulacra (Swamp:2)
  Dowan (D:5)
  A cane toad simulacrum (Lair:5)
  A water moccasin zombie (D:5)
  A wyvern skeleton (D:7)
  9 killer bees
  10 wights
  7 electric eels
  5 howler monkeys
  7 centaur zombies
  3 lava snakes (Lair:5)
  A hound (shapeshifter) (Elf:2)
  3 bullfrog skeletons
  2 centaur skeletons
  4 hounds
  6 jellies
  A komodo dragon simulacrum (Lair:5)
  40 orc priests
  Jessica (D:2)
  2 iguanas
  5 lightning spires (Zot:4)
  22 orc wizards
  6 hell rats (Hell)
  Robin (D:3)
  4 howler monkey zombies
  8 gnolls
  4 adders
  An ufetubus (D:5)
  An adder skeleton (D:4)
  5 worms
  73 orcs
  4 bats
  13 endoplasms
  2 giant cockroaches
  13 goblins
  10 hobgoblins
  4 jackals (D:1)
  25 kobolds
  3 quokkas
  7 ball pythons
  3 frilled lizards
  7 rats
  A briar patch (Depths:3)
  4 foxfires (Swamp:2)
  A lurking horror (Zot:2)
2443 creatures vanquished.

Vanquished Creatures (collateral kills)
  An orb of fire (Zot:5)
  A very ugly thing (Vaults:1)
  A deep elf knight (Elf:3)
  An orb spider (Spider:4)
4 creatures vanquished.

Vanquished Creatures (others)
  A draconian monk (Zot:4)
  A war gargoyle (Zot:4)
  A vampire knight (Depths:2)
  A black draconian (Zot:4)
  A white draconian (Zot:3)
  A spark wasp (Zot:4)
  2 alligators (Depths:3)
  A goliath frog (Depths:3)
  A wizard (D:15)
  A moth of wrath (Spider:4)
  2 bloated husks
  2 spectral cane toads (Lair:5)
  An orc (Vaults:5)
  5 ball lightnings (Zot:4)
  20 foxfires
  42 fungi
  A lurking horror (Zot:2)
  68 plants
  6 toadstools (D:4)
  A withered plant (Depths:4)
159 creatures vanquished.

Grand Total: 2606 creatures vanquished

Notes
Turn   | Place    | Note
-------+----------+-------------------------------------------
     0 | D:1      | inmateoo the Demonspawn Earth Elementalist began the quest
                  | for the Orb.
     0 | D:1      | Reached XP level 1. HP: 13/13 MP: 3/3
    45 | D:1      | Reached skill level 1 in Transmutations
   134 | D:1      | Gained mutation: You are partially covered in large bone
                  | plates. (SH +4) [demonic ancestry]
   134 | D:1      | Reached XP level 2. HP: 6/20 MP: 0/5
   671 | D:1      | Learned a level 2 spell: Passwall
   820 | D:1      | Found a faded altar of an unknown god.
   875 | D:1      | Reached skill level 1 in Fighting
  1027 | D:1      | Gained mutation: You sometimes gain a little power by
                  | taking damage. [demonic ancestry]
  1027 | D:1      | Reached XP level 3. HP: 26/26 MP: 4/6
  1415 | D:2      | Gained mutation: You sometimes gain power by taking damage.
                  | [demonic ancestry]
  1415 | D:2      | Reached XP level 4. HP: 22/32 MP: 0/7
  1681 | D:2      | Found a basalt altar of Yredelemnul.
  1694 | D:2      | Noticed Jessica
  1702 | D:2      | Killed Jessica
  2136 | D:3      | Reached XP level 5. HP: 34/38 MP: 9/9
  2257 | D:3      | Found Dufu's Assorted Antiques.
  2260 | D:3      | Bought a scroll of identify for 44 gold pieces
  2260 | D:3      | Bought a red potion for 19 gold pieces
  2260 | D:3      | Bought a silvery potion for 19 gold pieces
  2260 | D:3      | Bought a silvery potion for 19 gold pieces
  2266 | D:3      | Learned a level 3 spell: Stone Arrow
  2617 | D:3      | Found Ammuf's Antique Armour Shop.
  2642 | D:3      | Noticed Robin
  2731 | D:3      | Killed Robin
  3348 | D:4      | Found a sparkling altar of Nemelex Xobeh.
  3376 | D:4      | Found a shimmering blue altar of Sif Muna.
  3380 | D:4      | Noticed a black bear
  3387 | D:4      | Killed a black bear
  3388 | D:4      | Gained mutation: You have a pair of small horns on your
                  | head. [demonic ancestry]
  3388 | D:4      | Reached XP level 6. HP: 46/46 MP: 5/10
  3779 | D:4      | Found a bloodstained altar of Trog.
  4535 | D:5      | Entered Level 5 of the Dungeon
  4570 | D:5      | Reached skill level 1 in Air Magic
  4605 | D:5      | Gained mutation: You may rarely emit foul miasma when
                  | damaged in melee. [demonic ancestry]
  4605 | D:5      | Reached XP level 7. HP: 52/52 MP: 9/12
  5095 | D:5      | Noticed Duvessa
  5095 | D:5      | Noticed Dowan
  5104 | D:5      | Killed Duvessa
  5108 | D:5      | Killed Dowan
  5366 | D:5      | Gained mutation: You are mostly covered in large bone
                  | plates. (SH +6) [demonic ancestry]
  5366 | D:5      | Reached XP level 8. HP: 33/60 MP: 11/14
  5524 | D:5      | Noticed Blork the orc
  5527 | D:5      | Killed Blork the orc
  5781 | D:5      | Reached skill level 5 in Earth Magic
  5790 | D:5      | Learned a level 4 spell: Petrify
  6647 | D:6      | Found a runed translucent gate.
  6647 | D:6      | Noticed raph's ghost (novice HuNe)
  6648 | D:6      | Found a runed translucent gate.
  6648 | D:6      | Found a runed translucent gate.
  6675 | D:6      | You fall into a shaft and drop 1 floor!
  6962 | D:7      | Reached skill level 5 in Spellcasting
  7499 | D:6      | Reached skill level 5 in Transmutations
  7667 | D:6      | Found a staircase to the Ecumenical Temple.
  7681 | Temple   | Entered the Ecumenical Temple
  7691 | Temple   | Became a worshipper of Cheibriados the Contemplative
  7949 | D:6      | Found a radiant altar of Vehumet.
  8204 | D:6      | Identified a scroll of acquirement
  8204 | D:6      | Acquired 1089 gold pieces
  8211 | D:6      | Learned a level 2 spell: Blink
  8229 | D:7      | Gained mutation: You have a pair of horns on your head.
                  | [demonic ancestry]
  8229 | D:7      | Reached XP level 9. HP: 57/65 MP: 3/17
  8478 | D:3      | Bought a twisted leather armour for 189 gold pieces
  8478 | D:3      | Identified the +0 leather armour of Unwiopre {Str+5 Dex+6}
                  | (You bought it in a shop on level 3 of the Dungeon)
  8478 | D:3      | Bought a heavy robe for 153 gold pieces
  8478 | D:3      | Identified the +0 robe "Obaas" {rC+ Dex+3} (You bought it
                  | in a shop on level 3 of the Dungeon)
  8705 | D:7      | Found a stormy altar of Qazlal.
  8894 | D:7      | Identified the +10 trident of Disarray {flame, rPois Int+3}
  8908 | D:7      | Learned a level 7 spell: Storm Form
  9002 | D:8      | Reached skill level 1 in Unarmed Combat
  9006 | D:8      | Reached skill level 1 in Invocations
  9009 | D:8      | Reached * piety under Cheibriados
  9010 | D:8      | Reached skill level 1 in Armour
  9021 | D:8      | Reached skill level 2 in Invocations
  9315 | D:8      | Found a shimmering altar of Xom.
  9357 | D:8      | Found a basalt altar of Yredelemnul.
  9409 | D:8      | Found Xuudied's Distillery.
  9412 | D:8      | Found Biedih's Antique Armour Shop.
  9417 | D:8      | Bought a potion of heal wounds for 70 gold pieces
  9417 | D:8      | Bought a potion of heal wounds for 70 gold pieces
  9417 | D:8      | Bought a potion of curing for 42 gold pieces
  9417 | D:8      | Bought a potion of curing for 42 gold pieces
  9417 | D:8      | Bought a potion of curing for 42 gold pieces
  9417 | D:8      | Bought a potion of lignification for 42 gold pieces
  9417 | D:8      | Bought a potion of degeneration for 14 gold pieces
  9428 | D:8      | Bought a pair of embroidered gloves for 240 gold pieces
 10086 | D:8      | Found Jaschoseu's Book Shop.
 10282 | D:9      | Reached ** piety under Cheibriados
 10321 | D:9      | Noticed askman's ghost (novice DsFi)
 10323 | D:9      | Found a runed translucent gate.
 10323 | D:9      | Found a runed translucent gate.
 10323 | D:9      | Found a runed translucent gate.
 10323 | D:9      | Noticed a gargoyle
 10323 | D:9      | Noticed a stone giant
 10466 | D:9      | Reached skill level 3 in Invocations
 10470 | D:9      | Reached skill level 5 in Air Magic
 10476 | D:9      | Gained mutation: You sometimes emit foul miasma when
                  | damaged in melee. [demonic ancestry]
 10476 | D:9      | Reached XP level 10. HP: 29/73 MP: 19/19
 10851 | D:9      | Reached skill level 1 in Polearms
 10930 | D:8      | Bought a book of Sloth for 540 gold pieces
 11210 | D:9      | Identified the +1 robe of Wiuloh {rF+ Int-4 Stlth+}
 11369 | D:10     | Entered Level 10 of the Dungeon
 11373 | D:10     | Noticed a +0 hand axe
 11374 | D:10     | Noticed a +0 hand axe
 11386 | D:10     | Found a hide-covered altar of Uskayaw.
 11745 | D:10     | Found an iron altar of Okawaru.
 11760 | D:10     | Reached skill level 5 in Fighting
 12156 | D:10     | Found a shadowy altar of Dithmenos.
 12423 | D:10     | Found Basow's Assorted Antiques.
 12433 | D:10     | Bought a purple potion for 32 gold pieces
 12624 | D:11     | Reached skill level 4 in Invocations
 12727 | D:11     | Noticed a gargoyle
 12740 | D:11     | Killed a gargoyle
 12834 | D:11     | Found a huge runed translucent gate.
 12835 | D:11     | Found a huge runed translucent gate.
 12836 | D:11     | Found a huge runed translucent gate.
 12837 | D:11     | Found a huge runed translucent gate.
 12837 | D:11     | Noticed a manticore
 12837 | D:11     | Noticed a death yak
 12843 | D:11     | Reached *** piety under Cheibriados
 12844 | D:11     | Noticed a boulder beetle
 12853 | D:11     | Noticed a manticore
 12872 | D:11     | Killed a manticore
 13576 | D:10     | Reached XP level 11. HP: 80/80 MP: 19/21
 13577 | D:10     | Noticed a two-headed ogre
 13637 | D:10     | Killed a two-headed ogre
 13638 | D:10     | Reached skill level 5 in Unarmed Combat
 13668 | D:10     | Noticed a boulder beetle
 13681 | D:10     | Learned a level 6 spell: Statue Form
 13741 | D:10     | Reached skill level 5 in Invocations
 13745 | D:10     | Killed a boulder beetle
 13848 | D:10     | Noticed a two-headed ogre
 13848 | D:10     | Gained mutation: You are covered in fur. (AC +1) [mutagenic
                  | glow]
 13874 | D:10     | Killed a two-headed ogre
 14213 | D:10     | Found a staircase to the Orcish Mines.
 14213 | D:10     | Noticed Urug
 14225 | D:10     | Gained mutation: Your body sometimes deteriorates upon
                  | taking damage. [mutagenic glow]
 14233 | D:10     | Killed Urug
 14235 | D:10     | Reached **** piety under Cheibriados
 14239 | D:10     | Lost mutation: Your body sometimes deteriorates upon taking
                  | damage. [mutagenic glow]
 14662 | D:11     | Found a staircase to the Lair.
 14803 | D:11     | Killed a boulder beetle
 15028 | Lair:1   | Entered Level 1 of the Lair of Beasts
 15150 | Lair:1   | Reached skill level 6 in Invocations
 15623 | Lair:1   | Identified the +2 cloak of Claustrophobia {rN+ Will- Str+7
                  | Dex+8}
 15967 | Lair:1   | Noticed a five-headed hydra
 16021 | Lair:1   | Killed a five-headed hydra
 16204 | Lair:2   | Noticed an oklob plant
 16208 | Lair:2   | Killed an oklob plant
 16209 | Lair:2   | Reached XP level 12. HP: 88/88 MP: 15/23
 16323 | Lair:2   | Noticed Nergalle
 16325 | Lair:2   | Reached skill level 5 in Dodging
 16337 | Lair:2   | Killed Nergalle
 16501 | Lair:2   | Reached ***** piety under Cheibriados
 16519 | Lair:2   | Found a runed translucent door.
 16522 | Lair:2   | Noticed MoonlitKnight's ghost (journeyman MfGl)
 16534 | Lair:2   | Identified the +6 trident of Honour {vorpal, rN+ Str+6
                  | Dex-3}
 16573 | Lair:2   | Found a hazy altar of Hepliaklqana.
 16977 | Lair:2   | Identified the +8 hand axe of the Five Servitors {venom,
                  | rElec rPois rF++ Will-}
 17395 | Lair:3   | Noticed Gastronok
 17410 | Lair:3   | Killed Gastronok
 17461 | Lair:3   | Reached skill level 7 in Invocations
 17936 | Lair:4   | Found a hole to the Spider Nest.
 17994 | Lair:4   | Noticed a five-headed hydra
 18005 | Lair:4   | Killed a five-headed hydra
 18062 | Lair:4   | Learned a level 1 spell: Beastly Appendage
 18068 | Lair:4   | Learned a level 5 spell: Manifold Assault
 18095 | Lair:4   | Noticed Snorg
 18100 | Lair:4   | Reached XP level 13. HP: 96/96 MP: 9/25
 18104 | Lair:4   | Killed Snorg
 18113 | Lair:4   | Learned a level 2 spell: Wereblood
 18539 | Lair:4   | Found a blossoming altar of Fedhas.
 18778 | Lair:4   | Found a staircase to the Swamp.
 18784 | Lair:4   | Reached ****** piety under Cheibriados
 18929 | Lair:5   | Found a runed translucent gate.
 18929 | Lair:5   | Found a runed translucent gate.
 18929 | Lair:5   | Found a runed translucent gate.
 18981 | Lair:5   | Reached skill level 8 in Invocations
 19009 | Lair:5   | Found a staircase to the Slime Pits.
 19149 | Lair:5   | Found a runed translucent door.
 19486 | Lair:5   | Noticed Shym's ghost (journeyman MiBe)
 19618 | Lair:5   | Killed Shym's ghost
 19691 | Lair:5   | Identified the +10 whip of Teishi {pain, rPois}
 19698 | Lair:5   | Found a runed translucent gate.
 19698 | Lair:5   | Found a runed translucent gate.
 19698 | Lair:5   | Found a runed translucent gate.
 19698 | Lair:5   | Found a runed translucent gate.
 19699 | Lair:5   | Found a runed translucent gate.
 19701 | Lair:5   | Found a runed translucent gate.
 19909 | Lair:6   | Entered Level 6 of the Lair of Beasts
 19914 | Lair:6   | Reached XP level 14. HP: 104/104 MP: 18/26
 19949 | Lair:6   | Noticed Nessos
 19965 | Lair:5   | Killed Nessos
 20197 | Lair:6   | Reached skill level 9 in Invocations
 20294 | Lair:6   | Reached skill level 10 in Earth Magic
 20763 | Lair:6   | Reached skill level 10 in Transmutations
 20789 | Lair:6   | Reached skill level 10 in Unarmed Combat
 20789 | Lair:6   | Reached skill level 10 in Invocations
 21129 | Lair:6   | Found a corrupted altar of Lugonu.
 21129 | Lair:6   | Found a one-way gate to the infinite horrors of the Abyss.
 21365 | Lair:6   | Gained mutation: You frequently emit foul miasma when
                  | damaged in melee. [demonic ancestry]
 21365 | Lair:6   | Reached XP level 15. HP: 110/110 MP: 22/28
 22182 | D:12     | Found a runed translucent gate.
 22183 | D:12     | Found a runed translucent gate.
 22184 | D:12     | Found a runed translucent gate.
 22185 | D:12     | Noticed Yklotitu's ghost (journeyman CeHu)
 22186 | D:12     | Noticed Naggiasi's ghost (journeyman KoBr)
 22541 | D:6      | Killed raph's ghost
 22662 | D:9      | Killed askman's ghost
 22793 | D:11     | Reached skill level 10 in Spellcasting
 22957 | Lair:2   | Killed MoonlitKnight's ghost
 23133 | D:12     | Killed Naggiasi's ghost
 23134 | D:12     | Reached skill level 10 in Air Magic
 23142 | D:12     | Killed Yklotitu's ghost
 23363 | D:13     | Reached skill level 1 in Translocations
 24093 | D:14     | Found Sikhluwo's Antique Weapon Shoppe.
 24194 | D:14     | Found a gate to the Vaults.
 24306 | D:14     | Gained mutation: You are robust. (+10% HP) [demonic
                  | ancestry]
 24306 | D:14     | Reached XP level 16. HP: 129/129 MP: 26/30
 24599 | D:15     | Entered Level 15 of the Dungeon
 25046 | D:15     | Reached skill level 5 in Armour
 25291 | D:15     | Found a sparkling altar of Nemelex Xobeh.
 25580 | D:15     | Found a staircase to the Depths.
 25781 | Orc:1    | Entered Level 1 of the Orcish Mines
 25781 | Orc:1    | Found Ankugrubb's Armour Shoppe.
 25815 | Orc:1    | Bought a scarf of resistance for 352 gold pieces
 26068 | Orc:2    | Entered Level 2 of the Orcish Mines
 26073 | Orc:2    | Found a staircase to the Elven Halls.
 26537 | Orc:2    | Found Zadix's Assorted Antiques.
 26558 | Orc:2    | Bought a potion of curing for 51 gold pieces
 26563 | Orc:2    | Found Gaopt's Weapon Shop.
 26656 | Orc:2    | Found Bopleaxo's Assorted Antiques.
 26656 | Orc:2    | Found Oteumu's Armour Shoppe.
 26823 | Orc:2    | Bought a smoky sapphire potion for 32 gold pieces
 26823 | Orc:2    | Bought a smoky sapphire potion for 32 gold pieces
 27205 | Spider:1 | Entered Level 1 of the Spider Nest
 27224 | Spider:1 | Noticed Agnes
 27237 | Lair:4   | Killed Agnes
 29394 | Spider:2 | Noticed Beorghan's ghost (adept MiBe)
 29399 | Spider:2 | Found a runed translucent gate.
 29399 | Spider:2 | Found a runed translucent gate.
 29399 | Spider:2 | Found a runed translucent gate.
 29490 | Spider:2 | Reached XP level 17. HP: 138/138 MP: 21/31
 29690 | Spider:2 | Noticed Asterion
 29702 | Spider:2 | Killed Asterion
 30599 | Spider:2 | Killed Beorghan's ghost
 30619 | Spider:2 | Got Kitac's Collected Works on Earth
 31473 | Spider:3 | Reached skill level 5 in Translocations
 31798 | Spider:3 | Noticed Arachne
 31812 | Spider:3 | Killed Arachne
 32055 | Spider:4 | Entered Level 4 of the Spider Nest
 32117 | Spider:4 | Reached skill level 10 in Fighting
 32129 | Spider:4 | Noticed Mara
 32131 | Spider:4 | Noticed inmateoo's illusion
 32133 | Spider:4 | Killed Mara
 33209 | Spider:4 | Reached XP level 18. HP: 147/147 MP: 15/33
 33381 | Spider:4 | Got a gossamer rune of Zot
 33446 | Spider:4 | Reached skill level 10 in Dodging
 33929 | Swamp:1  | Entered Level 1 of the Swamp
 34372 | Swamp:2  | Found a frozen archway.
 34402 | IceCv    | Entered an ice cave
 34672 | IceCv    | Found the +4 skin of Zhor {*Englaciate rC+++ SInv}
 34790 | IceCv    | Found the +8 demon blade "Leech" {vamp, *Rage +Rage rN+}
 35043 | IceCv    | Identified the +0 pair of boots of Zadaddyk {Fly rPois
                  | Str-4}
 35118 | IceCv    | Noticed a shard shrike
 35124 | IceCv    | Killed a shard shrike
 36084 | Swamp:2  | Noticed a tentacled monstrosity
 36090 | Swamp:2  | Killed a tentacled monstrosity
 36799 | Swamp:4  | Entered Level 4 of the Swamp
 36917 | Swamp:4  | Reached skill level 1 in Evocations
 36919 | Swamp:4  | Gained mutation: You are completely covered in large bone
                  | plates. (SH +8) [demonic ancestry]
 36919 | Swamp:4  | Reached XP level 19. HP: 117/154 MP: 16/35
 36927 | Swamp:4  | Got a decaying rune of Zot
 38294 | Vaults:1 | Entered Level 1 of the Vaults
 38667 | Vaults:1 | Identified the +10 war axe "Jamakk" {spect, rCorr MP+9
                  | Dex+2}
 38673 | Vaults:1 | Learned a level 4 spell: Summon Lightning Spire
 39095 | Vaults:1 | Reached skill level 11 in Invocations
 39287 | Vaults:1 | Noticed Saint Roka
 39299 | Vaults:1 | Killed Saint Roka
 39477 | Vaults:1 | Reached XP level 20. HP: 163/163 MP: 29/36
 39480 | Vaults:1 | Reached skill level 1 in Shields
 39666 | Vaults:1 | Found a runed translucent gate.
 39666 | Vaults:1 | Found a runed translucent gate.
 39667 | Vaults:1 | Found a runed translucent gate.
 39668 | Vaults:1 | Noticed Suckerboh's ghost (adept DECj)
 39893 | Vaults:1 | Killed Suckerboh's ghost
 39905 | Vaults:1 | Identified the +4 pair of gloves of the Silversmith {Str+4}
 39907 | Vaults:1 | Identified the +0 helmet "Pummuori" {Regen+}
 40035 | Vaults:2 | Found Ijagaol's Distillery.
 40040 | Vaults:2 | Bought a potion of curing for 54 gold pieces
 40040 | Vaults:2 | Bought a potion of curing for 54 gold pieces
 40040 | Vaults:2 | Bought a potion of curing for 54 gold pieces
 40040 | Vaults:2 | Bought a potion of curing for 54 gold pieces
 40040 | Vaults:2 | Bought a potion of curing for 54 gold pieces
 40040 | Vaults:2 | Bought a potion of cancellation for 144 gold pieces
 40040 | Vaults:2 | Bought a potion of brilliance for 72 gold pieces
 40040 | Vaults:2 | Bought a potion of brilliance for 72 gold pieces
 40046 | Vaults:2 | Found a flickering gateway to a bazaar.
 40055 | Bazaar   | Entered a bazaar
 40055 | Bazaar   | Found Sufecam's Weapon Emporium.
 40055 | Bazaar   | Found Ucah's Jewellery Shoppe.
 40055 | Bazaar   | Found Wucw's Distillery.
 40055 | Bazaar   | Found Ziedwauci's Magic Scroll Emporium.
 40071 | Bazaar   | Bought a scroll of teleportation for 36 gold pieces
 40071 | Bazaar   | Bought a scroll of magic mapping for 42 gold pieces
 40083 | Bazaar   | Bought a potion of might for 56 gold pieces
 40083 | Bazaar   | Bought a potion of heal wounds for 70 gold pieces
 40083 | Bazaar   | Bought a potion of heal wounds for 70 gold pieces
 40083 | Bazaar   | Bought a potion of resistance for 140 gold pieces
 40083 | Bazaar   | Bought a potion of curing for 42 gold pieces
 40083 | Bazaar   | Bought a potion of cancellation for 112 gold pieces
 40083 | Bazaar   | Bought a potion of brilliance for 56 gold pieces
 40083 | Bazaar   | Bought a potion of brilliance for 56 gold pieces
 40152 | Vaults:2 | Cast into level 3 of the Abyss (a wizard)
 40152 | Abyss:3  | Found a corrupted altar of Lugonu.
 40167 | Vaults:2 | Escaped the Abyss
 40841 | Vaults:2 | Reached skill level 5 in Evocations
 41013 | Vaults:2 | Found Fiaphist's Armour Shoppe.
 41061 | Vaults:2 | Found a staircase to the Crypt.
 41496 | Vaults:3 | Reached skill level 12 in Invocations
 41708 | Vaults:3 | Gained mutation: You are powered by pain. [demonic
                  | ancestry]
 41708 | Vaults:3 | Reached XP level 21. HP: 171/171 MP: 33/37
 42961 | Vaults:4 | Reached skill level 15 in Unarmed Combat
 43132 | Vaults:4 | Reached skill level 13 in Invocations
 43140 | Vaults:4 | Got the Disquisition on Freezing Darkness
 43672 | Vaults:4 | Noticed Xtahua
 43680 | Vaults:4 | Killed Xtahua
 43989 | Depths:1 | Entered Level 1 of the Depths
 44221 | Depths:1 | Paralysed by a great orb of eyes for 4 turns
 44239 | Depths:1 | Gained mutation: You are very robust. (+20% HP) [demonic
                  | ancestry]
 44239 | Depths:1 | Reached XP level 22. HP: 198/198 MP: 33/39
 44501 | Depths:1 | Got Sif Muna's Reference Book on Poisoning and Attacks
 44967 | Depths:1 | Found a gateway to Hell.
 45133 | Depths:1 | Found an ornate altar of the Wu Jian Council.
 45137 | Depths:1 | Paralysed by a great orb of eyes for 6 turns
 45462 | Depths:2 | Reached skill level 14 in Invocations
 45538 | Depths:2 | Identified the +2 robe "Epluh" {rPois Regen+ Str+2 Int-5}
 45603 | Depths:2 | Found a one-way gate leading to the halls of Pandemonium.
 46178 | Depths:2 | Reached skill level 10 in Translocations
 46188 | Depths:2 | Gained mutation: You have a pair of large horns on your
                  | head. [demonic ancestry]
 46188 | Depths:2 | Reached XP level 23. HP: 131/207 MP: 40/40
 46387 | Depths:2 | Got the Catalogue of Supportive Transmutation
 46432 | Depths:3 | Found a gateway to a ziggurat.
 47015 | Depths:3 | Found Zeagh's Gadget Gallery.
 47687 | Depths:4 | You fall into a shaft and drop 1 floor!
 47687 | Depths:5 | Entered Level 5 of the Depths
 47703 | Depths:5 | Reached skill level 15 in Spellcasting
 47907 | Depths:4 | Found an ancient bone altar of Kikubaaqudgha.
 48035 | Depths:4 | Reached XP level 24. HP: 222/222 MP: 38/42
 48379 | Depths:5 | Paralysed by a floating eye for 2 turns
 48659 | Depths:5 | Found a gate to the Realm of Zot.
 49494 | Elf:1    | Entered Level 1 of the Elven Halls
 49494 | Elf:1    | Found a runed translucent gate.
 49494 | Elf:1    | Found a runed translucent gate.
 49494 | Elf:1    | Found a runed translucent gate.
 49494 | Elf:1    | Found a runed translucent gate.
 49494 | Elf:1    | Found a runed translucent gate.
 49494 | Elf:1    | Found a runed translucent gate.
 49495 | Elf:1    | Found a runed translucent door.
 49506 | Elf:1    | Found a runed translucent door.
 49612 | Elf:1    | Got the Disquisition on Combat Magic
 49700 | Elf:1    | Found Wumoluip's Jewellery Boutique.
 49702 | Elf:1    | Found Quar's Assorted Antiques.
 49704 | Elf:1    | Found Edghaal's Distillery.
 49710 | Elf:1    | Bought a potion of mutation for 320 gold pieces
 49712 | Elf:1    | Bought a potion of cancellation for 88 gold pieces
 49712 | Elf:1    | Bought a potion of resistance for 110 gold pieces
 49712 | Elf:1    | Bought a potion of might for 44 gold pieces
 49712 | Elf:1    | Bought a potion of might for 44 gold pieces
 49712 | Elf:1    | Bought a potion of magic for 88 gold pieces
 49712 | Elf:1    | Bought a potion of cancellation for 88 gold pieces
 49712 | Elf:1    | Bought 2 potions of curing for 66 gold pieces
 50413 | Elf:2    | Found Keumou's Antique Armour Shop.
 50453 | Elf:2    | Found a runed translucent gate.
 50454 | Elf:2    | Found a runed translucent gate.
 50455 | Elf:2    | Found a runed translucent gate.
 50662 | Elf:2    | Found a runed translucent gate.
 50664 | Elf:2    | Found a runed translucent gate.
 50665 | Elf:2    | Found a runed translucent gate.
 51046 | Elf:2    | Found a runed translucent gate.
 51046 | Elf:2    | Found a runed translucent gate.
 51050 | Elf:2    | Found a runed translucent gate.
 51050 | Elf:2    | Noticed Hiliwumm's ghost (veteran MiGl)
 51068 | Elf:2    | Reached skill level 15 in Invocations
 51071 | Elf:2    | Killed Hiliwumm's ghost
 51083 | Elf:2    | Learned a level 1 spell: Apportation
 51087 | Elf:2    | Identified the +2 cloak of the Slightly Bent {Fly rF+ rCorr
                  | Str+2}
 51419 | Elf:3    | Entered Level 3 of the Elven Halls
 51783 | Elf:3    | Identified the +6 war axe "Nyastruopre" {vorpal, rPois
                  | Int+3}
 51787 | Elf:3    | Identified the +7 whip of Shrieking Terror {speed, Dex+3}
 51797 | Elf:3    | Reached XP level 25. HP: 83/231 MP: 28/42
 52170 | Elf:3    | Reached skill level 15 in Fighting
 52212 | Elf:3    | Identified the +6 scythe "Savote" {vorpal, Fly Int+4}
 52349 | Elf:3    | Identified the +10 trident of Veposam {freeze, Fly rC+}
 53053 | Vaults:5 | Entered Level 5 of the Vaults
 53053 | Vaults:5 | Found the amulet of the Four Winds {rN+ Will+++ Clar}
 53068 | Vaults:5 | Noticed Mennas
 53174 | Vaults:4 | Killed Mennas
 53175 | Vaults:4 | Reached skill level 16 in Invocations
 53472 | Vaults:5 | Reached skill level 15 in Dodging
 53472 | Vaults:5 | Reached skill level 15 in Earth Magic
 53472 | Vaults:5 | Noticed a dread lich
 53473 | Vaults:5 | Noticed a dread lich
 53475 | Vaults:5 | Killed a dread lich
 53476 | Vaults:5 | Reached skill level 5 in Shields
 53488 | Vaults:4 | Killed a dread lich
 53814 | Vaults:5 | Noticed an ancient lich
 53821 | Vaults:5 | Killed an ancient lich
 53844 | Vaults:5 | Found the +13 scythe of Curses {drain, Drain}
 53846 | Vaults:5 | Got a silver rune of Zot
 53848 | Vaults:5 | Got The Intricacies of Theurgy
 54047 | Vaults:5 | Noticed Frederick
 54055 | Vaults:5 | Killed Frederick
 54106 | Vaults:5 | Identified the ring "Oreeng" {rC+ AC+4}
 54156 | Vaults:5 | Identified the ring "Goesoiz" {rElec rPois}
 54163 | Vaults:5 | Noticed a dread lich
 54172 | Vaults:5 | Killed a dread lich
 54173 | Vaults:5 | Gained mutation: You are extremely robust. (+30% HP)
                  | [demonic ancestry]
 54173 | Vaults:5 | Reached XP level 26. HP: 240/262 MP: 30/43
 54326 | Vaults:5 | Noticed a dread lich
 54331 | Vaults:5 | Paralysed by a dread lich for 2 turns
 54337 | Vaults:5 | Killed a dread lich
 54563 | Vaults:5 | Reached skill level 17 in Invocations
 54662 | Vaults:5 | Reached skill level 10 in Evocations
 55303 | Zot:1    | Entered Level 1 of the Realm of Zot
 55393 | Zot:1    | You are sucked into a shaft and drop 1 floor!
 56491 | Zot:2    | Found a corrupted altar of Lugonu.
 56660 | Zot:2    | Acquired a book of the Hunter
 56662 | Zot:2    | Acquired a book of Transfigurations
 57134 | Zot:3    | Reached XP level 27. HP: 275/275 MP: 43/43
 57164 | Zot:3    | Reached skill level 18 in Invocations
 57581 | Zot:3    | You are sucked into a shaft and drop 1 floor!
 58532 | Zot:4    | Reached skill level 19 in Invocations
 58676 | Zot:4    | Reached skill level 10 in Shields
 59288 | Zot:4    | Learned a level 8 spell: Maxwell's Capacitive Coupling
 59342 | Zot:5    | Entered Level 5 of the Realm of Zot
 59384 | Zot:5    | Noticed an ancient lich
 59386 | Zot:5    | Paralysed by a Zot trap for 2 turns
 59392 | Zot:5    | Killed an ancient lich
 59928 | Zot:5    | Learned a level 7 spell: Dragon Form
 60074 | Hell     | Entered the Vestibule of Hell
 60074 | Hell     | Noticed Geryon
 60101 | Hell     | Killed Geryon
 60107 | Hell     | Noticed Murray
 60129 | Hell     | Killed Murray
 60505 | Zot:5    | Noticed an ancient lich
 60507 | Zot:5    | Killed an ancient lich
 60508 | Zot:5    | Reached skill level 20 in Invocations
 60521 | Zot:5    | Noticed an orb of fire
 60522 | Zot:5    | Noticed an orb of fire
 60528 | Zot:5    | Killed an orb of fire
 60537 | Zot:5    | Killed an orb of fire
 60574 | Zot:5    | Noticed an ancient lich
 60575 | Zot:5    | Noticed an ancient lich
 60583 | Zot:5    | Killed an ancient lich
 60587 | Zot:5    | Killed from afar by an ancient lich

Illustrated notes

Levels and vault maps discovered:
D:1:      saegor_arrival_simple_c, layout_rooms, ebering_ecumenical_altar_webs
D:2:      cheibrodos_pilgrimage, layout_basic, basic_altar, minmay_heptomino_l4,
          uniq_jessica
D:3:      layout_loops_ring, serial_shops, shop, nicolae_shop_behind_doors,
          nrook_campfire, kennysheep_generic_room_14, uniq_robin
D:4:      cheibrodos_fertilizer, layout_gridville, mainiacjoe_overflow_catwalk,
          mainiacjoe_overflow_alcove_4, bloody_trog, serial_co_window_serial,
          co_window_paths_a, co_window_paths_b, co_window_paths_a,
          co_window_of_opportunity_a, co_window_corner_a, co_window_paths_b,
          co_window_paths_b, co_window_paths_a, co_window_paths_a,
          co_window_of_opportunity_c, co_window_unsneaky_path_e,
          co_window_corner_b, glass_columns_a, glass_columns_a, glass_columns_b,
          glass_columns_b, glass_columns_a
D:5:      layout_basic, corexii_corridor_pit, glass_columns_c,
          uniq_blork_the_orc, uniq_duvessa
D:6:      layout_cave_pools, mainiacjoe_overflow_small_starburst,
          minmay_temple_entry_stoned_glass, ebering_ghost_rock_garden
D:7:      layout_basic, kennysheep_mini_moat, minmay_door_square
D:8:      layout_gridville, lemuel_doored_altar, mainiacjoe_overflow_24_doors,
          serial_shops, shop, shop, shop_fountains, nicolae_sextant
D:9:      layout_roguey, gammafunk_ghost_split, serial_curves, eino_curves_02,
          eino_curves_04, minmay_misc_feat_five, mumra_transporter_accident
D:10:     kb_forest_paths, layout_rooms, okawaru_humans,
          dancing_weapons_uskayaw, nicolae_dithmenos_the_darkroom, serial_shops,
          nicolae_lakefront_shop, uniq_urug
D:11:     lemuel_bear_cage, layout_loops_ring, lair_entry_dummy,
          serial_park_tiny_pond
D:12:     layout_roguey, gammafunk_ghost_cemetery
D:13:     layout_irregular_city, fake_guardian_serpent_vault
D:14:     layout_roguey, lightli_vaults_fourway_checkpoint, serial_shops, shop,
          serial_bayou, serial_bayou_pond_c, serial_bayou_ford_a,
          serial_bayou_pond_d, serial_bayou_pond_a, minmay_strange_pillars
D:15:     grunt_enter_depths_magical_seal, layout_stronghold,
          nemelex_diamond_rough_becter
Temple:   nicolae_temple_no_exploring_needed
Lair:1:   layout_cave_pods, chequers_serial_rivers_micro_c,
          chequers_serial_rivers_micro_d
Lair:2:   layout_regular_city, ebering_ghost_funeral_grove,
          lemuel_centaur_altar, uniq_nergalle
Lair:3:   layout_cellular_growth, minmay_stone_trees_small, uniq_gastronok
Lair:4:   layout_loops_ring, nicolae_swamp_entry_splash_gauntlet,
          spider_nest_entry_webs, hangedman_tree_tricks, hibernation_bobbens,
          uniq_snorg
Lair:5:   gammafunk_indiana_jones, layout_misc_corridors,
          minmay_slime_entry_pillars, gammafunk_ghost_necromancy, pond
Lair:6:   hellmonk_lair_end_abyssal_woods, layout_layer_cave, lemuel_fruit_tree,
          grunt_megastairs_3, serial_bayou_shore_b, infiniplex_staircase_pool,
          uniq_nessos
Swamp:1:  layout_basic_swamp, evilmike_swamp_ruin_house_2,
          infiniplex_staircase_pool_2
Swamp:2:  layout_falls_marsh, portal_ice_cave_entry_ice_simulacra,
          evilmike_swamp_ruin_house_4, grunt_hermit_hut
Swamp:3:  layout_basic_swamp, evilmike_swamp_ruin_rubble_1, swamp_pool2,
          nicolae_swamp_necromancer_hut
Swamp:4:  swamp, layout_basic_swamp, swamp_pool2, nicolae_swamp_oxbows
Spider:1: layout_spider_delve, spiders_nest_spider_trap, uniq_agnes
Spider:2: layout_chambers, gammafunk_ghost_split,
          nicolae_spider_twisty_arc_passages, uniq_asterion
Spider:3: nicolae_spider_hilbert_zone_1 [nicolae_spider_hilbert_4_sides_1_open,
          nicolae_spider_hilbert_4_sides_1_open,
          nicolae_spider_hilbert_4_sides_1_open,
          nicolae_spider_hilbert_4_sides_1_open,
          nicolae_spider_hilbert_3_sides_1_open,
          nicolae_spider_hilbert_3_sides_1_open,
          nicolae_spider_hilbert_3_sides_1_open,
          nicolae_spider_hilbert_3_sides_1_open,
          nicolae_spider_hilbert_3_sides_1_open,
          nicolae_spider_hilbert_6_sides_1_open,
          nicolae_spider_hilbert_6_sides_1_open,
          nicolae_spider_hilbert_3_sides_1_open,
          nicolae_spider_hilbert_3_sides_1_open,
          nicolae_spider_hilbert_3_sides_1_open,
          nicolae_spider_hilbert_3_sides_1_open,
          nicolae_spider_hilbert_2_sides_1_open], beargit_elvish_explorers,
          uniq_arachne
Spider:4: guppyfry_spider_rune, special_room [special_room_bee], uniq_mara
Orc:1:    layout_caves, basic_altar, serial_shops, shop
Orc:2:    st_orc_town, layout_caves, special_room, nicolae_orc_flooded_monolith
Elf:1:    nicolae_elf_arrival_dilemma, layout_geoelf_diagonals,
          minmay_elf_annihilation, minmay_shop_star
Elf:2:    nicolae_elf_blades_splatter_lattice [nicolae_blade_entry_antechamber],
          layout_onion_city, ploomutoo_gammafunk_ghost_potion_laboratory,
          serial_shops, shop_fountains
Elf:3:    nooodl_elf_gasket, layout_geoelf_castle
Vaults:1: gammafunk_vaults_ghost_tricky_traps, vaults_room_grunt_arrival_ludios,
          hangedman_vaults_stagger, ontoclasm_vaults_ring_large,
          hangedman_vaults_impose, hangedman_vaults_snaps, v_rooms_5,
          nicolae_vaults_theta, v_rooms_3, ontoclasm_vaults_twist,
          vaults_mumra_minichess_inversion, nicolae_vaults_little_squares_3,
          layout_vaults_big_room, uniq_saint_roka
Vaults:2: minmay_crypt_entry_simple_plaza, vaults_standard_mumra_x,
          hangedman_vaults_river_flow, ontoclasm_vaults_hangar, v_misc_5,
          nicolae_vaults_sealed_display, v_misc_4,
          nicolae_vaults_little_squares_3, hangedman_vaults_nodes,
          st_octagons_2, nicolae_vaults_shelves_hall, vaults_dpeg_ring,
          ontoclasm_vaults_fault, vaults_dpeg_hooks, layout_vaults_maze_bifur,
          serial_shops, freezing_bzr, shop, shop
Vaults:3: v_rooms_2, ontoclasm_vaults_decontamination, v_misc_14, v_misc_2,
          ontoclasm_vaults_pinch, hangedman_vaults_slither,
          nicolae_vaults_little_squares_6, ontoclasm_vaults_chip,
          nicolae_vaults_little_squares_4, layout_vaults_omnigrid
Vaults:4: ontoclasm_vaults_hangar, hangedman_vaults_corner,
          ontoclasm_vaults_ligature, v_misc_25,
          vaults_standard_mumra_enter_the_diamond, vaults_room_pool,
          ontoclasm_vaults_bender, nicolae_vaults_theta,
          nicolae_vaults_asterisk, grunt_vaults_funnel,
          nicolae_vaults_border_crossing, st_check, layout_vaults_omnicross,
          uniq_xtahua
Vaults:5: uniq_mennas, uniq_frederick
Depths:1: hangedman_box_tower, layout_twisted_cross, pf_hell_entry_tar_river,
          minmay_misc_feat_diagonals, nicolae_wu_jian_wuxing_cycle
Depths:2: evilmike_inaccessible_box, layout_cave_shapes, pan_entry,
          grunt_hell_entry_dis_grunt, abyss_entry, hex_medium,
          grunt_ministairs_8
Depths:3: onia_ninara_swampy_vault, layout_gridlike, enter_ziggurat_d,
          hell_entry, rand_demon_pan_entry_9, serial_corexii_hall,
          corexii_hall_statues_l, corexii_hall_statues_l, nicolae_shop_gadgets,
          serial_bayou_shore_a
Depths:4: minmay_complete_graph, layout_small_grid, abyss_entry,
          pf_hell_entry_great_geh, minmay_misc_feat_plants,
          kiku_gazebo_garden_becter, infiniplex_staircase_squiggle
Depths:5: grunt_zot_entry_bicorn, layout_cross, hell_entry,
          hangedman_decor_push, dk_noncrumbling_2, grunt_ministairs_15
Hell
Zot:1:    grunt_twist_and_shout, layout_cathedral_of_symmetry
Zot:2:    layout_onion, nicolae_lava_and_water,
          amcnicky_altar_lugonu_corruption, grunt_megastairs_4
Zot:3:    layout_gridlike
Zot:4:    infiniplex_zot_generator, layout_concentric_octagons
Zot:5:    layout_concentric_octagons

Skill      XL: |  1  2  3  4  5  6  7  8  9 10 11 12 13 14 15 16 17 18 19 20 21 22 23 24 25 26 27 |
---------------+----------------------------------------------------------------------------------+-----
Transmutations | 1 2 3 5 6 7 8 10 11 12 13 14 | 14.0
Stealth        | 2 |  2.0
Dodging        | 2 3 4 5 6 7 8 9 10 11 12 14 15 16 17 | 17.5
Fighting       | 1 2 3 4 5 6 7 8 9 10 11 12 14 15 16 18 | 18.1
Earth Magic    | 3 4 5 6 7 8 9 10 11 12 13 14 15 16 17 | 17.5
Spellcasting   | 3 4 5 6 7 8 9 10 11 12 13 15 16 18 | 18.0
Air Magic      | 1 2 4 5 6 7 8 10 11 12 13 14 | 14.7
Unarmed Combat | 3 4 6 7 8 10 11 12 14 15 16 17 18 | 18.0
Invocations    | 3 4 6 7 8 10 11 12 13 14 15 16 17 20 | 20.0
Armour         | 2 3 4 5 6 |  6.0
Polearms       | 2 3 4 |  4.0
Translocations | 2 4 6 7 8 9 10 | 10.0
Evocations     | 1 4 5 7 9 10 | 10.0
Shields        | 4 6 8 11 | 11.5

Action                   |  1- 3 |  4- 6 |  7- 9 | 10-12 | 13-15 | 16-18 | 19-21 | 22-24 | 25-27 || total
-------------------------+-------+-------+-------+-------+-------+-------+-------+-------+-------++-------
Melee: Unarmed           |    25 |       |       |   101 |   541 |  1038 |   869 |  1025 |  1082 ||  4681
       Dagger            |       |   108 |    40 |       |       |       |       |       |       ||   148
       Headbutt          |       |     8 |    41 |   113 |   202 |   229 |   273 |   321 |   363 ||  1550
       Short sword       |       |       |    40 |       |       |       |       |       |       ||    40
       Trident           |       |       |    86 |   255 |       |       |       |       |       ||   341
       Punch             |       |       |       |    16 |    41 |    68 |    15 |     7 |     6 ||   153
 Cast: Sandblast         |    70 |    67 |    32 |       |       |       |       |       |       ||   169
       Stone Arrow       |       |       |    56 |    76 |     4 |       |       |       |       ||   136
       Petrify           |       |       |     1 |     1 |       |       |       |       |       ||     2
       Statue Form       |       |       |       |    16 |    66 |    88 |    64 |    75 |    93 ||   402
       Beastly Appendage |       |       |       |     2 |       |       |       |       |       ||     2
       Wereblood         |       |       |       |       |    68 |    89 |    65 |    74 |    81 ||   377
       Manifold Assault  |       |       |       |       |       |    28 |     3 |    30 |    14 ||    75
       Storm Form        |       |       |       |       |       |     7 |     5 |     4 |     4 ||    20
       Summon Lightning  |       |       |       |       |       |       |     1 |     1 |       ||     2
       Apportation       |       |       |       |       |       |       |       |     5 |       ||     5
       Dragon Form       |       |       |       |       |       |       |       |       |     1 ||     1
       Maxwell's Capacit |       |       |       |       |       |       |       |       |     1 ||     1
Invok: Slouch            |       |       |       |     1 |     7 |    12 |     6 |     2 |    16 ||    44
       Temporal Distorti |       |       |       |       |       |       |       |     1 |     1 ||     2
 Abil: Blinkbolt         |       |       |       |       |       |     5 |     1 |       |       ||     6
       End Transformatio |       |       |       |       |       |     2 |       |       |     1 ||     3
Evoke: Wand              |       |       |       |       |     1 |     9 |       |     2 |       ||    12
       Condenser vane    |       |       |       |       |       |     2 |     4 |     4 |     7 ||    17
       Box of beasts     |       |       |       |       |       |     1 |       |       |       ||     1
  Use: Scroll            |     1 |    10 |     9 |     7 |     2 |     5 |     1 |     1 |    14 ||    50
       Potion            |       |       |       |     3 |       |     3 |       |     1 |     3 ||    10
 Stab: Sleeping          |       |     7 |     3 |    11 |     1 |     3 |     4 |     5 |       ||    34
       Petrified         |       |       |     6 |       |       |       |       |       |       ||     6
       Distracted        |       |       |       |       |     2 |     2 |       |     4 |     1 ||     9
       Confused          |       |       |       |       |       |     3 |     5 |     1 |       ||     9
       Paralysed         |       |       |       |       |       |     1 |       |       |       ||     1
Armor: Robe              |     7 |    21 |    31 |       |       |       |       |       |       ||    59
       Leather armour    |       |       |     8 |    80 |    10 |    16 |       |       |       ||   114
       Skin              |       |       |       |   110 |   444 |   714 |   452 |   412 |   621 ||  2753
       Animal skin       |       |       |       |       |       |     1 |     3 |    12 |    26 ||    42
Dodge: Dodged            |    23 |    55 |   122 |   455 |  1114 |  1815 |  1100 |  1135 |  1824 ||  7643
       Repelled          |       |       |       |       |     1 |       |       |       |       ||     1
Block: Other             |     6 |    15 |    38 |   170 |   279 |   386 |    47 |       |       ||   941
       Buckler           |       |       |       |       |       |       |   873 |   933 |    35 ||  1841
       Kite shield       |       |       |       |       |       |       |       |       |  1727 ||  1727
       Reflection        |       |       |       |       |       |       |       |       |    26 ||    26
